 Dungeon Crawl Stone Soup version 0.18-a0-1312-gf98331d (webtiles) character file.

110 Oddball22 the Cutter (level 4, -6/23 HPs)
             Began as a Vine Stalker Artificer on Feb 14, 2016.
             Killed by nerve-wracking pain
             ... invoked by a shadow imp
             ... summoned by Natasha
              (11 damage)
             ... on level 2 of the Dungeon.
             The game lasted 00:03:49 (1413 turns).

Oddball22 the Cutter (Vine Stalker Artificer)       Turns: 1413, Time: 00:03:50

Health: -6/23      AC:  5    Str: 14    XL:     4   Next: 91%
Magic:  0/7        EV: 12    Int: 12    God:
Gold:   112        SH:  0    Dex: 15    Spells: 0 memorised, 3 levels left

rFire  . . .     SeeInvis .     s - +1 hand axe (chop)
rCold  . . .     Gourm    .     b - +0 leather armour
rNeg   . . .     Faith    .     (no shield)
rPois  .         Spirit   +     (no helmet)
rElec  .         Dismiss  .     (no cloak)
rCorr  .         Reflect  .     p - +0 pair of gloves
SustAt .         Harm     .     v - +0 pair of boots
MR     .....                    (no amulet)
Stlth  ++........               (no ring)
                                (no ring)

@: not resistant to hostile enchantments, unstealthy
A: fangs 2, regeneration 1, magic shield, antimagic bite, no device heal 3, rot
immunity
a: no special abilities


You were on level 2 of the Dungeon.
You were not hungry.

You visited 1 branch of the dungeon, and saw 3 of its levels.

You collected 112 gold pieces.

Inventory:

Hand Weapons
 a - a +0 short sword
 s - a +1 hand axe of chopping (weapon)
Armour
 b - a +0 leather armour (worn)
 p - a +0 pair of gloves (worn)
 v - a +0 pair of boots (worn)
Wands
 c - a wand of flame (13/48)
 d - a wand of enslavement (15/24)
 e - a wand of random effects (15/48)
Scrolls
 g - 2 scrolls of immolation
 h - a scroll of recharging {unknown}
 j - 3 scrolls of identify
 k - 2 scrolls of remove curse {unknown}
 n - a scroll of random uselessness {unknown}
 r - 3 scrolls of teleportation {unknown}
Potions
 l - a potion of heal wounds {unknown}
 m - a potion of lignification {unknown}
 q - a potion of might {unknown}
 t - a potion of curing {unknown}
 u - a potion of haste {unknown}
Comestibles
 f - 4 bread rations
 i - 3 fruits
 o - 3 chunks of flesh


   Skills:
 + Level 2.0 Fighting
 * Level 2.9 Short Blades
 + Level 2.4 Dodging
 - Level 1.2 Stealth
 - Level 2.6 Evocations


You had 3 spell levels left.
You didn't know any spells.

Dungeon Overview and Level Annotations

Branches:
Dungeon (3/15)

Altars:
Dithmenos
Sif Muna

Annotations:
D:2 Natasha


Innate Abilities, Weirdness & Mutations

You have extremely sharp teeth.
Your natural rate of healing is unusually fast.
When hurt, damage is shared between your health and your magic reserves.
Your bite disrupts and absorbs the magic of your enemies.
Potions and wands cannot restore your health.
You are immune to rotting.


Message History

You hit Natasha.
Natasha is moderately wounded.
You barely miss the shadow imp. Natasha claws you.
The shadow imp gestures at you. Pain shoots through your body!
You barely miss Natasha.
Natasha is moderately wounded.
You hit the shadow imp.
The shadow imp is heavily wounded.
Natasha barely misses you. The shadow imp hits you.
Natasha claws you but does no damage. The shadow imp hits you.
* * * LOW HITPOINT WARNING * * *
You hit Natasha.
Natasha is almost dead.
You closely miss the shadow imp.
The shadow imp is moderately wounded.
Natasha claws you. The shadow imp gestures at you.
Pain shoots through your body!
You die...

#.......######.#.##..#
.....................#
#.#.....###......#...#### ###
#.####### #.....###.....# #..
.)#########.##..###..##.#######.#
#.........+.###..#..###..........
#.########...##.....##..#######.#
#.# #........5........# #.# #.#
#..##..(@h....##..#####+# #.#
#.####..._...####.##..... #.#
#..##.........##..##..... #.#
#......(................. #.#
##...##.....##..###.###.# #.#
#..###..#..###.# #.# #.# #.#
#..##..###..##.# #.###.# ..#
#......###.....# #.....# ###
#.......#...#..# #######


You could see Natasha and a shadow imp.

Vanquished Creatures
  Natasha (D:2)
  3 gnolls (D:2)
  3 adders (D:2)
  A worm (D:2)
  3 orcs (D:2)
  A giant cockroach (D:2)
  3 goblins
  2 hobgoblins (D:2)
  2 jackals (D:2)
  2 bats
  2 giant newts (D:1)
  3 kobolds
  A rat (D:1)
27 creatures vanquished.

Notes
Turn   | Place    | Note
--------------------------------------------------------------
     0 | D:1      | Oddball22 the Vine Stalker Artificer began the quest for the Orb.
     0 | D:1      | Reached XP level 1. HP: 9/9 MP: 3/3
    26 | D:1      | Reached skill level 1 in Short Blades
   212 | D:1      | Reached skill level 1 in Fighting
   386 | D:2      | Reached XP level 2. HP: 14/14 MP: 5/5
   500 | D:2      | Found a shadowy altar of Dithmenos.
   676 | D:2      | Found a shadowy altar of Dithmenos.
   682 | D:2      | Reached XP level 3. HP: 18/18 MP: 6/6
   912 | D:2      | Reached XP level 4. HP: 22/22 MP: 7/7
   938 | D:2      | Found a deep blue altar of Sif Muna.
  1302 | D:3      | Noticed Natasha
  1330 | D:2      | Killed Natasha
  1403 | D:2      | Noticed Natasha
  1413 | D:2      | Killed from afar by a shadow imp

Vault maps used:
D:1:      tarquinn_simple_flora_water_e, kennysheep_another_room
D:2:      lemuel_blue_sif_altar, overflow_temple_1_default, first_bread,
          nicolae_dithmenos_shadow_blocks
D:3:      minmay_lizard_king, uniq_natasha

Action                   |  1- 3 |  4- 6 || total
-------------------------+-------+-------++-------
Melee: Short sword       |    40 |       ||    40
       Hand axe          |    21 |    32 ||    53
Evoke: Wand              |     2 |       ||     2
  Use: Scroll            |     2 |       ||     2
 Stab: Sleeping          |     1 |     1 ||     2
  Eat: Chunk             |       |     2 ||     2
